 Dungeon Crawl Stone Soup version 0.32-a0-872-g59262bdc9b (webtiles) character file.

Game seed: 4742614588435376562

187 601d51SH the Covered (level 5, -2/46 HPs)
             Began as a Minotaur Fighter on Mar 30, 2024.
             Slain by an orc wizard
             ... wielding a +0 dagger
              (3 damage)
             ... on level 4 of the Dungeon on Mar 31, 2024.
             The game lasted 00:07:35 (2781 turns).

601d51SH the Covered (Minotaur Fighter)             Turns: 2781, Time: 00:07:35

Health: -2/46      AC:  7    Str: 22    XL:     5   Next: 39%
Magic:  4/4        EV:  8    Int: 11    God:
Gold:   38         SH:  0    Dex: 10    Spells: 4/4 levels left

rFire   . . .        a - +0 long sword
rCold   . . .        c - +0 buckler
rNeg    . . .        b - +0 scale mail
rPois   .            (helmet restricted)
rElec   .            (no cloak)
rCorr   .            (no gloves)
SInv    .            (no boots)
Will    .....        (no amulet) Stlth
                     f - +6 ring of intelligence
HPRegen 0.27/turn    (no ring)
MPRegen 0.09/turn

%: no passive effects
@: confused, lethally poisoned (-2 -> -5)
A: horns 2, retaliatory headbutt
a: no special abilities


You were on level 4 of the Dungeon.
You visited 1 branch of the dungeon, and saw 4 of its levels.

You collected 188 gold pieces.
You spent 150 gold pieces at shops.

Inventory:

Hand Weapons
 a - a +0 long sword (weapon)
 k - a +0 sling
 r - a +0 dagger of venom
Armour
 b - a +0 scale mail (worn)
 c - a +0 buckler (worn)
 i - a +1 helmet
Jewellery
 f - a +6 ring of intelligence (left hand)
Wands
 u - a wand of flame (29)
Scrolls
 g - 2 scrolls of blinking {unknown}
 j - a scroll of enchant weapon {unknown}
 l - a scroll of immolation {unknown}
 n - a scroll of amnesia {unknown}
 o - 3 scrolls of teleportation {unknown}
 p - 2 scrolls of fear {unknown}
 q - a scroll of torment {unknown}
 s - a scroll of enchant armour {unknown}
Potions
 d - a potion of might
 e - a potion of ambrosia {unknown}
 h - 4 potions of heal wounds
 m - 2 potions of magic {unknown}
 t - a potion of degeneration {unknown}
 v - a potion of haste


   Skills:
 + Level 4.2 Fighting
 + Level 4.0 Long Blades
 + Level 1.3 Throwing
 + Level 5.2 Armour
 + Level 0.7 Dodging
 + Level 0.1 Stealth
 + Level 4.2 Shields


You had 4 spell levels left.
You didn't know any spells.
Your spell library contained the following spells:

 Spells                   Type           Power      Damage    Failure   Level
 Sandblast                Erth           0%         2d4       71%         1
 Jinxbite                 Hex            0%         N/A       85%         2
 Stone Arrow              Conj/Erth      0%         3d7       97%         3
 Tukima's Dance           Hex            0%         N/A       97%         3
 Brom's Barrelling Bould  Conj/Erth      0%         2d3       100%        4
 Passage of Golubria      Tloc           0%         N/A       100%        4
 Yara's Violent Unravell  Hex/Alch       0%         3d3       100%        5
 Enfeeble                 Hex            0%         N/A       100%        7


Dungeon Overview and Level Annotations

Branches:
Dungeon (4/15)
 Temple: D:4-7

Altars:
Elyvilon
Sif Muna
Uskayaw

Shops:
D:3 !


Innate Abilities, Weirdness & Mutations

You have a pair of horns on your head.
You reflexively headbutt those who attack you in melee.


Message History

The scorpion stings you.
* * * LOW HITPOINT WARNING * * *
You block the orc's attack.
You slash something! The hound completely misses you. You furiously retaliate!
You headbutt the hound. Something hits you but does no damage.
The scorpion stings you but does no damage.
The hound bites you but does no damage.
A gnoll comes into view. It is wielding a +0 whip.
The orc misses you.
You hear some strange, mumbled words.
You are confused.
The scorpion stings you but does no damage.
The hound completely misses you. Something hits you but does no damage.
The scorpion stings you but does no damage.
You hit the hound. Your headbutt misses the hound.
The hound is almost dead.
The hound closely misses you.
The scorpion stings you but does no damage.
The orc barely misses you. Something hits you but does no damage.
The hound closely misses you.
You barely miss the orc. Your headbutt misses the orc.
The hound closely misses you.
The scorpion stings you but does no damage.
The orc hits you but does no damage. Something hits you but does no damage.
The scorpion stings you.
* * * LOW HITPOINT WARNING * * *
You are poisoned.
The scorpion poisons you! The hound barely misses you.
You feel sick.
You barely miss something. Your headbutt misses something.
You feel sick. The hound bites you but does no damage.
A gnoll comes into view.
It is wielding a +0 flail and quivering 2 throwing nets.
You hear some strange, mumbled words.
A puff of flame appears from out of thin air!
The puff of flame hits you.
* * * LOW HITPOINT WARNING * * *
The orc hits you but does no damage. The hound barely misses you.
A gnoll comes into view.
It is wielding a +2 flail of protection.
Something hits you.
You die...

#........)......#...
...##.....†...#....#
. ###g...)........#
..#.#.....#..#.#<.#
........##<###....#
.. ###.).g....#
...##
....###.......# ....
........o{....#.#
...
..#....sh@......#
... #...............
#................
....$.............
..#..............##
..#..............
#...............
#..g.#####.?.###


You could see a scorpion, a hound, 3 gnolls and an orc.

Vanquished Creatures
  A howler monkey (D:4)
  A hound (D:4)
  Terence (D:3)
  2 adders (D:2)
  A ribbon worm (D:2)
  A dart slug (D:1)
  8 orcs
  A ball python (D:1)
  6 endoplasms
  3 giant cockroaches
  7 goblins
  7 hobgoblins
  5 kobolds
  2 quokkas (D:1)
  5 bats
  5 frilled lizards
  4 rats
60 creatures vanquished.

Notes
Turn   | Place    | Note
-------+----------+-------------------------------------------
     0 | D:1      | 601d51SH the Minotaur Fighter began the quest for the Orb.
     0 | D:1      | Reached XP level 1. HP: 19/19 MP: 0/0
   163 | D:1      | Reached XP level 2. HP: 26/26 MP: 1/1
   170 | D:1      | Found a faded altar of an unknown god.
   262 | D:1      | Reached skill level 4 in Armour
   434 | D:1      | Reached XP level 3. HP: 33/33 MP: 2/2
   704 | D:2      | Found a hide-covered altar of Uskayaw.
  1701 | D:3      | Found a shimmering blue altar of Sif Muna.
  1743 | D:3      | Reached XP level 4. HP: 34/40 MP: 3/3
  1831 | D:3      | Found Nilod's Distillery.
  1866 | D:3      | Bought a potion of heal wounds for 50 gold pieces
  2475 | D:3      | Found a white marble altar of Elyvilon.
  2528 | D:3      | Noticed Terence
  2539 | D:3      | Killed Terence
  2697 | D:3      | Bought a potion of haste for 100 gold pieces
  2761 | D:4      | Reached skill level 5 in Armour
  2761 | D:4      | Reached XP level 5. HP: 41/46 MP: 4/4
  2768 | D:4      | Reached skill level 1 in Throwing
  2781 | D:4      | HP: 1/46 [something/puff of flame (5)]
  2781 | D:4      | Slain by an orc wizard

Illustrated notes

Levels and vault maps discovered:
D:1:      dpeg_arrival_renting, layout_rooms,
          hellmonk_ecumenical_altar_arch_garden
D:2:      layout_loops_corners, basic_altar, minmay_liquid_box
D:3:      layout_basic, amcnicky_altar_gilded, lemuel_tele_altar, serial_shops,
          nicolae_shop_waterfront, minmay_misc_feat_nine_boxes, uniq_terence
D:4:      layout_cave_pools, nicolae_qazlal_beasts_of_the_sky,
          uniq_crazy_yiuf_cottage

Skill      XL: |  1  2  3  4  5 |
---------------+----------------+-----
Shields        | 4 |  4.2
Armour         | 4 5 |  5.2
Long Blades    | 3 4 |  4.0
Fighting       | 4 |  4.2
Throwing       | 1 |  1.3
Dodging        | |  0.7
Stealth        | |  0.1

Action                     |  1- 3 |  4- 6 || total
---------------------------+-------+-------++-------
  Melee: Long sword        |    99 |    60 ||   159
         Headbutt          |    10 |     5 ||    15
  Throw: Stone             |     5 |    11 ||    16
 Armour: Scale mail        |    67 |    74 ||   141
  Dodge: Dodged            |    63 |    29 ||    92
  Block: Buckler           |    30 |    18 ||    48

Table legend: (Time is in decaauts)
 A = Elapsed time spent in this place.
 B = Non-inter-level travel time spent in this place.
 C = Inter-level travel time spent in this place.
 D = Time resting spent in this place.
 E = Time spent auto-exploring this place.
 F = Levels seen in this place.
 G = Mean time per level.
                   A        B        C        D        E       F      G
               +--------+--------+--------+--------+--------+-----+--------+
         Total |   2827 |   2608 |    219 |    100 |   1656 |   4 |  706.8 |
       Dungeon |   2827 |   2608 |    219 |    100 |   1656 |   4 |  706.8 |
               +--------+--------+--------+--------+--------+-----+--------+

Top non-repeatable levels by time:
     D:3: 1127 daAuts
     D:2: 929 daAuts
     D:1: 694 daAuts
     D:4: 76 daAuts
